AoeStats
← 散步黑鵝

Arabia

503827628Analyzed
1v1 RM · 1mo ago on Sep 2, 2026· 44m 45s· 2 players
Game mode
Random Map
Map size
Tiny (2 player)
Population
200
Speed
Normal
Resources
Standard
Victory
Conquest
Starting age
Dark Age
Ending age
Imperial Age
RankedLock teamsTeams togetherTeam positionsShared explorationLock speedFull tech treeHidden civsTurbo modeCheats
Victory
Defeat
🇵🇪 Cumans · Peru
2253
+16
🇹🇼 Chinese · Taiwan
2245
-16
散步黑鵝
0:26 Loom
8:47 Feudal Age
10:38 Double-Bit Axe
15:17 Horse Collar
19:44 Castle Age
18:14 Fletching
20:09 Padded Archer Armor
20:31 Bodkin Arrow
21:15 Elite Skirmisher
24:12 Leather Archer Armor
26:02 Bloodlines
28:13 Town Watch
28:54 Bow Saw
29:23 Wheelbarrow
30:11 Gold Mining
39:36 Imperial Age
38:02 Scale Barding Armor
40:23 Bracer
40:18 Pikeman
44:03 Halberdier
LE | WilliamS
5:30 Loom
8:53 Feudal Age
9:21 Double-Bit Axe
11:03 Horse Collar
17:29 Fletching
23:17 Castle Age
22:14 Gold Mining
23:32 Scale Barding Armor
23:39 Crossbowman
25:44 Bodkin Arrow
27:05 Elite Skirmisher
29:35 Wheelbarrow
29:57 Padded Archer Armor
30:58 Ballistics
31:16 Bloodlines
31:49 Chain Barding Armor
33:06 Forging
35:39 Leather Archer Armor
39:07 Imperial Age
37:39 Hand Cart
38:04 Town Watch
38:59 Iron Casting
39:15 Cavalier
40:34 Plate Barding Armor
40:52 Conscription
40:50 Paladin
44:28 Blast Furnace
Connection lost

Rejoining the realm…

Still unreachable

The connection could not be restored.

Session expired

The server has moved on; the page needs a fresh start.